 Dungeon Crawl Stone Soup version 0.25-a0-578-gc91f01c39c (console) character file.

Game seed: 7133826783568549826, levelgen mode: deterministic

28105 Kagalorn the Severer (level 13, -2/113 HPs)
             Began as a Minotaur Wanderer on Mar 3, 2020.
             Was the Champion of the Shining One.
             Collided with a green ugly thing (7 damage)
             ... caused by a deep elf knight
             ... on level 14 of the Dungeon.
             The game lasted 00:42:39 (13613 turns).

Kagalorn the Severer (Minotaur Wanderer)           Turns: 13613, Time: 00:42:40

Health: -2/113     AC:  9    Str: 23    XL:     13   Next: 8%
Magic:  0/16       EV: 18    Int:  7    God:    the Shining One [******]
Gold:   1128       SH:  7    Dex: 11    Spells: 12/12 levels left

rFire    . . .     SeeInvis .   a - +2 hand axe (freeze)
rCold    . . .     Gourm    .   l - +0 buckler
rNeg     + + +     Faith    .   H - +0 swamp dragon scales
rPois    +         Spirit   +   (helmet restricted)
rElec    .         Reflect  +   T - scarf {Spirit}
rCorr    .         Harm     .   M - +0 pair of gloves
MR       +....                  B - +0 pair of boots
Stlth    ..........             G - +3 amulet of reflection
HPRegen  0.28/turn              A - +2 ring of evasion
MPRegen  0.15/turn              z - ring of protection from magic

@: about to teleport, corroded, glowing
A: retaliatory headbutt, horns 2
a: Divine Shield, Cleansing Flame, Summon Divine Warrior, Brand Weapon With Holy
Wrath, Renounce Religion


You were on level 14 of the Dungeon.
You worshipped the Shining One.
The Shining One was exalted by your worship.
You were not hungry.

You visited 2 branches of the dungeon, and saw 15 of its levels.
You also visited: Sewer.

You collected 1128 gold pieces.

Inventory:

Hand Weapons
 a - a +2 hand axe of freezing (weapon)
 b - a +2 vorpal hunting sling
 w - a +1 flail of holy wrath
Missiles
 g - 10 poisoned darts (quivered)
 h - 602 arrows
 m - 286 stones
 t - 6 curare-tipped darts
 x - 13 sling bullets
 J - 91 bolts
Armour
 l - a +0 buckler (worn)
 s - a +0 cloak
 B - a +0 pair of boots (worn)
 H - +0 swamp dragon scales (worn)
 M - a +0 pair of gloves (worn)
 S - a +0 tower shield
 T - a scarf of spirit shield (worn)
Jewellery
 o - an uncursed ring of protection from fire
 y - an uncursed ring of poison resistance
 z - a ring of protection from magic (right hand)
 A - a +2 ring of evasion (left hand)
 G - a +3 amulet of reflection (around neck)
Wands
 p - a wand of digging (13)
 r - a wand of paralysis (8)
 E - a wand of flame (16)
 N - a wand of polymorph (4)
 U - a wand of acid (8)
Scrolls
 c - 2 scrolls of remove curse
 f - 8 scrolls of teleportation
 i - 2 scrolls of fog
 j - 6 scrolls of enchant weapon
 n - a scroll of fear
 C - 7 scrolls of magic mapping
 K - a scroll of blinking
 L - a scroll of silence
 R - 7 scrolls of identify
Potions
 e - 3 potions of might
 k - a potion of magic {unknown}
 q - 4 potions of flight
 u - 2 potions of haste
 v - a potion of heal wounds
 D - 2 potions of resistance
 F - 2 potions of mutation
 I - 5 potions of curing
 O - a potion of brilliance
 P - a potion of ambrosia {unknown}
 V - a potion of lignification {unknown}
 W - a potion of stabbing {unknown}
Miscellaneous
 Q - a phantom mirror
Comestibles
 d - 26 rations
 X - 5 chunks of flesh


   Skills:
 - Level 10.0 Fighting
 * Level 17.0(17.1) Axes
 - Level 3.6(12.0) Maces & Flails
 - Level 1.0 Throwing
 - Level 10.0 Armour
 - Level 10.0 Dodging
 - Level 4.0 Shields
 * Level 5.6 Invocations
 + Level 3.7 Evocations


You had 12 spell levels left.
You didn't know any spells.
Your spell library contained the following spells:

 Spells                   Type           Power        Failure   Level  Hunger
 Animate Skeleton         Necr           N/A          56%         1    ##.....
 Corona                   Hex            #......      56%         1    ##.....
 Magic Dart               Conj           #...         56%         1    ##.....
 Pain                     Necr           #...         56%         1    ##.....
 Blink                    Tloc           N/A          71%         2    ###....
 Call Imp                 Summ           #.......     71%         2    ###....
 Ensorcelled Hibernation  Hex/Ice        #.....       71%         2    ###....
 Slow                     Hex            #.......     71%         2    ###....
 Confusing Touch          Hex            #.......     90%         3    ####...
 Conjure Flame            Conj/Fire      #.......     90%         3    ####...
 Dazzling Flash           Conj/Hex       #.....       90%         3    ####...
 Mephitic Cloud           Conj/Pois/Air  #.......     90%         3    ####...
 Tukima's Dance           Hex            #.......     90%         3    ####...
 Vampiric Draining        Necr           #.........   90%         3    ####...
 Animate Dead             Necr           N/A          100%        4    #####..
 Summon Lightning Spire   Summ/Air       #.......     100%        4    #####..
 Agony                    Necr           #.......     100%        5    ######.
 Silence                  Hex/Air        #.........   100%        5    ######.
 Conjure Ball Lightning   Conj/Air       #.........   100%        6    #######
 Deflect Missiles         Chrm/Air       #.........   100%        6    #######
 Tornado                  Air            #.........   100%        9    #######


Dungeon Overview and Level Annotations

Branches:
Dungeon (14/15)            Temple (1/1) D:4            Lair (0/6) D:9
    Orc (0/2) D:9           Sewer (visited)
 Vaults: D:13-14

Altars:
Ashenzari
Cheibriados
Dithmenos
Elyvilon
Fedhas
Gozag
Hepliaklqana
Kikubaaqudgha
Makhleb
Nemelex Xobeh
Okawaru
Qazlal
Ru
Sif Muna
Trog
Uskayaw
Vehumet
Wu Jian
Xom
Yredelemnul
Zin
The Shining One

Shops:
D:6 *


Innate Abilities, Weirdness & Mutations

You reflexively headbutt those who attack you in melee.
You have a pair of horns on your head.


Message History

Your angel hits the brown ugly thing with a +2 whip of holy wrath!
The brown ugly thing dies!
The deep elf knight unwields a +0 shortbow.
The deep elf knight wields a +0 scimitar.
The deep elf knight hits you with a +0 scimitar!
* * * LOW HITPOINT WARNING * * *
A deep elf mage comes into view. It is wielding a +1 dagger of draining.
The green ugly thing closely misses your angel.
Unknown command.
As you read the scroll of teleportation, it crumbles to dust.
You feel strangely unstable.
The deep elf archer shoots an arrow.
The arrow barely misses your angel. The arrow hits you.
* * * LOW HITPOINT WARNING * * *
The deep elf mage casts a spell.
The deep elf knight points at you and mumbles some strange words.
The lance of force hits you!!
* * * LOW HITPOINT WARNING * * *
You are knocked back by the lance of force.
You collide with the green ugly thing!
You die...

♣♣##.## ##.##.. # ♣.#.##
##.#.# .# #...# #.#.#
e.# #...## ##.#.# ...#
#..#.## ##..#.##....#
.....##.###.#..e......#
####..###..e####u##....#
#.....().(.##.# .u...
#.#####÷##@##.# ...u ..
#..†(ueu###.


.uu #. ####A#......)..u ##.e..####.. u #.....e... #>...(###. #..#.## #..#.#
######..#.# You could see 2 ugly things, a deep elf archer, a deep elf knight, 2
deep elf magi and a friendly angel.

Vanquished Creatures
  A catoblepas (D:13)
  4 centaur warriors
  A two-headed ogre (D:13)
  2 tengu warriors (D:13)
  Nergalle (D:12)
  3 unseen horrors
  A deep elf mage (D:13)
  A wolf spider zombie (D:12)
  A cyclops (D:11)
  3 ugly things
  3 centaur zombies
  A gargoyle (D:10)
  A komodo dragon (D:9)
  3 trolls
  A meliai (D:9)
  A hornet (D:10)
  Grinder (D:3)
  4 hippogriffs
  A wraith (D:14)
  2 shadows
  A vampire (D:9)
  10 yaks
  Sigmund (D:5)
  4 wyverns
  A basilisk (D:13)
  A human (D:9)
  4 hogs (D:9)
  7 vampire mosquitoes (D:12)
  A hungry ghost (D:9)
  Menkaure (D:4)
  A soldier ant (D:11)
  An acid dragon (D:12)
  2 water moccasins
  Purgy (Sewer)
  A hornet zombie (D:9)
  3 orc warriors
  2 black bears
  3 necrophages
  An eye of draining (D:9)
  4 sky beasts
  7 ogres
  6 ice beasts
  20 centaurs
  2 big kobolds (D:10)
  Blork the orc (D:5)
  13 bullfrogs
  A wyvern skeleton (D:14)
  7 scorpions
  A water moccasin skeleton (D:9)
  19 wights
  7 howler monkeys
  5 crimson imps
  4 bullfrog zombies
  A quasit (D:10)
  6 orc priests
  6 hounds
  6 centaur skeletons
  4 jellies
  9 orc wizards
  2 bullfrog skeletons
  4 iguanas
  7 worker ants
  2 hound zombies (D:9)
  A mummy (D:5)
  4 worker ant zombies
  Robin (D:2)
  8 gnolls
  13 adders
  A river rat (D:3)
  4 shadow imps
  A worker ant simulacrum (D:10)
  3 adder zombies
  2 worms
  2 dart slugs
  4 leopard geckos
  29 orcs
  6 giant cockroaches
  20 goblins
  13 hobgoblins
  5 jackals (D:5)
  6 kobolds
  11 quokkas
  3 ball pythons
  5 bats
  8 frilled lizards
  A leopard gecko zombie (D:5)
  3 quokka skeletons
  9 rats
389 creatures vanquished.

Vanquished Creatures (collateral kills)
  3 ugly things (D:14)
3 creatures vanquished.

Vanquished Creatures (others)
  A bullfrog (D:10)
  19 plants (D:9)
20 creatures vanquished.

Grand Total: 412 creatures vanquished

Notes
Turn   | Place    | Note
-------+----------+-------------------------------------------
     0 | D:1      | Kagalorn the Minotaur Wanderer began the quest for the Orb.
     0 | D:1      | Kagalorn set off with the following items: a +0 mace, a
                  | potion of curing, a +2 scale mail, a ration
     0 | D:1      | Reached XP level 1. HP: 22/22 MP: 0/0
    75 | D:1      | Reached skill level 5 in Fighting
   158 | D:1      | Reached XP level 2. HP: 28/29 MP: 1/1
   695 | D:2      | Found a shadowy altar of Dithmenos.
   808 | D:2      | Found a shimmering blue altar of Sif Muna.
   845 | D:2      | Reached XP level 3. HP: 37/37 MP: 2/2
   853 | D:2      | Reached skill level 1 in Shields
   952 | D:2      | Found a blossoming altar of Fedhas.
  1052 | D:2      | Noticed Robin
  1090 | D:2      | Killed Robin
  1090 | D:2      | Reached XP level 4. HP: 24/45 MP: 3/3
  1304 | D:2      | Found a bloodstained altar of Trog.
  1394 | D:3      | Found a glowing drain.
  1540 | Sewer    | Entered a sewer
  1582 | Sewer    | Noticed Purgy
  1597 | Sewer    | Killed Purgy
  1597 | Sewer    | Reached XP level 5. HP: 25/52 MP: 4/4
  2249 | D:3      | Noticed Grinder
  2250 | D:3      | Paralysed by Grinder for 3 turns
  2261 | D:3      | Paralysed by Grinder for 4 turns
  2267 | D:3      | Killed Grinder
  2267 | D:3      | Reached XP level 6. HP: 29/62 MP: 5/5
  2756 | D:4      | You fall into a shaft and drop 1 floor!
  2756 | D:5      | Entered Level 5 of the Dungeon
  2770 | D:5      | Found a snail-covered altar of Cheibriados.
  2782 | D:5      | Reached skill level 1 in Dodging
  2798 | D:5      | Reached XP level 7. HP: 41/69 MP: 6/6
  2820 | D:4      | Noticed Menkaure
  2831 | D:4      | Killed Menkaure
  3187 | D:4      | Found a staircase to the Ecumenical Temple.
  3194 | Temple   | Entered the Ecumenical Temple
  3508 | D:4      | Found a sacrificial altar of Ru.
  3603 | D:4      | Reached XP level 8. HP: 78/78 MP: 7/7
  3669 | D:4      | Found a glowing golden altar of the Shining One.
  3675 | D:4      | Became a worshipper of the Shining One
  3835 | D:5      | Noticed Sigmund
  4014 | D:5      | Reached skill level 5 in Armour
  4037 | D:5      | Reached skill level 10 in Fighting
  4077 | D:5      | Killed Sigmund
  4077 | D:5      | Reached skill level 5 in Dodging
  4219 | D:5      | Noticed Blork the orc
  4326 | D:5      | Killed Blork the orc
  4346 | D:5      | Reached skill level 1 in Axes
  4914 | D:6      | Reached skill level 2 in Axes
  4931 | D:6      | Reached XP level 9. HP: 77/85 MP: 8/8
  4962 | D:6      | Found Ugyqigeg's General Store.
  5054 | D:6      | Found an opulent altar of Gozag.
  5142 | D:6      | Reached skill level 3 in Axes
  5184 | D:6      | Reached * piety under the Shining One
  5989 | D:7      | Reached skill level 4 in Axes
  6072 | D:7      | Found a shimmering altar of Xom.
  6262 | D:7      | Found an iron altar of Okawaru.
  6293 | D:7      | Found a shimmering altar of Xom.
  6293 | D:7      | Found a shimmering altar of Xom.
  6293 | D:7      | Found a shimmering altar of Xom.
  6293 | D:7      | Noticed a death drake
  6293 | D:7      | a slime creature changed into a death drake
  6294 | D:7      | Found a shimmering altar of Xom.
  6294 | D:7      | Found a shimmering altar of Xom.
  6357 | D:7      | Found a basalt altar of Yredelemnul.
  6638 | D:7      | Noticed a mana viper
  6639 | D:7      | Noticed a death drake
  6640 | D:7      | Noticed a manticore
  6640 | D:7      | a mana viper changed into a manticore
  6818 | D:8      | Reached skill level 5 in Axes
  6910 | D:8      | Found an ancient bone altar of Kikubaaqudgha.
  7077 | D:8      | Reached ** piety under the Shining One
  7194 | D:9      | Found a staircase to the Orcish Mines.
  7211 | D:9      | Reached skill level 6 in Axes
  7271 | D:9      | Reached XP level 10. HP: 93/93 MP: 9/9
  7295 | D:9      | Found a hazy altar of Hepliaklqana.
  7367 | D:9      | Found a shimmering altar of Xom.
  7371 | D:9      | Noticed an unseen horror
  7405 | D:9      | Killed an unseen horror
  7433 | D:9      | Reached *** piety under the Shining One
  7453 | D:9      | Noticed a centaur warrior
  7915 | D:9      | Reached skill level 7 in Axes
  7993 | D:9      | Reached **** piety under the Shining One
  8128 | D:9      | Reached skill level 10 in Armour
  8181 | D:9      | Reached skill level 8 in Axes
  8296 | D:9      | Killed a centaur warrior
  8296 | D:9      | Reached skill level 9 in Axes
  8296 | D:9      | Reached skill level 10 in Dodging
  8534 | D:9      | Found a staircase to the Lair.
  8546 | D:9      | Reached XP level 11. HP: 71/99 MP: 10/10
  8700 | D:9      | Reached skill level 10 in Axes
  8763 | D:10     | Entered Level 10 of the Dungeon
  8907 | D:10     | Reached ***** piety under the Shining One
  8936 | D:10     | Reached skill level 11 in Axes
  9207 | D:10     | Reached skill level 12 in Axes
  9685 | D:10     | Noticed a red ugly thing
  9706 | D:10     | Killed a red ugly thing
  9706 | D:10     | Reached skill level 13 in Axes
 10274 | D:11     | Noticed an unseen horror
 10282 | D:11     | Killed an unseen horror
 10374 | D:11     | Reached skill level 14 in Axes
 10946 | D:11     | Reached XP level 12. HP: 89/106 MP: 11/11
 11167 | D:12     | Noticed Nergalle
 11190 | D:12     | Killed Nergalle
 11190 | D:12     | Reached skill level 15 in Axes
 11396 | D:12     | Reached ****** piety under the Shining One
 11851 | D:13     | Noticed Sonja
 11852 | D:13     | Noticed Sonja
 11852 | D:13     | Sonja changed into Sonja the water moccasin
 11856 | D:13     | Killed Sonja the water moccasin
 11967 | D:13     | Noticed a two-headed ogre
 11979 | D:13     | Killed a two-headed ogre
 11979 | D:13     | Reached skill level 16 in Axes
 11979 | D:13     | Reached skill level 1 in Invocations
 12358 | D:13     | Noticed a centaur warrior
 12428 | D:13     | Killed a centaur warrior
 12754 | D:13     | Noticed a catoblepas
 12787 | D:13     | Killed a catoblepas
 13054 | D:13     | Noticed a centaur warrior
 13069 | D:13     | Killed a centaur warrior
 13150 | D:13     | Noticed a tengu warrior
 13162 | D:13     | Killed a tengu warrior
 13179 | D:13     | Noticed a tengu warrior
 13193 | D:13     | Killed a tengu warrior
 13466 | D:14     | Reached skill level 5 in Invocations
 13525 | D:14     | Noticed a centaur warrior
 13541 | D:14     | Killed a centaur warrior
 13541 | D:14     | Reached XP level 13. HP: 99/113 MP: 12/16
 13607 | D:14     | Reached skill level 17 in Axes
 13613 | D:14     | HP: 5/113 [deep elf knight/lance of force (23)]
 13613 | D:14     | Collided with a green ugly thing

Levels and vault maps discovered:
D:1:      evilmike_arrival_home_sweet_home, layout_loops_ring
D:2:      cheibrodos_greedy_goblins, layout_loops_ring, led_sif_pool,
          old_standard_altar, lemuel_coloured_pillars_altar,
          nicolae_dithmenos_through_a_glass_darkly,
          hangedman_abyss_or_decor_lesser_grid, uniq_robin
D:3:      wad_woods_tower, layout_basic, portal_sewer_entry_a, uniq_grinder
D:4:      layout_loops_ring, nicolae_tso_carved_into_rock,
          nicolae_ru_path_of_blood, minmay_temple_entry_arrows, first_ration,
          uniq_menkaure
D:5:      layout_cave_pools, slow_altar_1, hangedman_decor_peaks_small,
          uniq_sigmund, uniq_blork_the_orc
D:6:      layout_layer_cave, nicolae_gozag_seed_capital, serial_shops,
          nicolae_shop_waterfront
D:7:      layout_basic, okawaru_gym_becter, overflow_temple_1_default,
          xom_shifter_show, minmay_quadrilaterals
D:8:      layout_rooms, basic_altar, chequers_serial_rivers_micro_a
D:9:      hangedman_cross_cluster, layout_rooms, marbit_many_paths,
          david_lair_shrubbed, serial_undead, serial_undead_d, serial_undead_f,
          serial_undead_e, serial_undead_c, grunt_livestock
D:10:     layout_basic, minmay_shattered_shrine
D:11:     layout_loops_ring
D:12:     layout_roguey, skrybe_limestone_x, uniq_nergalle
D:13:     layout_grid_maze, uniq_sonja
D:14:     argonaut_augean_stables, layout_loops_ring,
          lightli_vaults_fourway_checkpoint, hangedman_decor_points,
          serial_bayou_crossing, uniq_jorgrun, uniq_nessos
Temple:   cyrus_temple_forest

Skill      XL: |  1  2  3  4  5  6  7  8  9 10 11 12 13 |
---------------+----------------------------------------+-----
Fighting       | 5 6 7 8 9 10 | 10.0
Shields        | 2 3 4 |  4.0
Dodging        | 1 3 6 8 10 | 10.0
Armour         | 2 4 6 9 10 | 10.0
Axes           | 2 6 9 14 16 17 | 17.0
Invocations    | 5 |  5.6
Evocations     | 3 |  3.7
Maces & Flails | |  3.6
Throwing       | |  1.0

Action                   |  1- 3 |  4- 6 |  7- 9 | 10-12 | 13-15 || total
-------------------------+-------+-------+-------+-------+-------++-------
Melee: Mace              |   128 |   113 |    14 |       |       ||   255
       Headbutt          |    17 |    18 |    77 |   191 |     5 ||   308
       Hand axe          |       |       |   375 |   775 |    19 ||  1169
       Flail             |       |       |    19 |    23 |       ||    42
Throw: Dart              |       |       |       |     4 |       ||     4
Invok: Summon Divine War |       |       |       |       |     1 ||     1
Evoke: Wand              |       |     2 |       |     2 |       ||     4
  Use: Scroll            |       |       |    15 |    12 |     1 ||    28
  Eat: Chunk             |     1 |     5 |    11 |     9 |       ||    26
       Ration            |       |       |     1 |     4 |       ||     5
Armor: Scale mail        |    65 |    42 |    58 |       |       ||   165
       Chain mail        |       |       |    82 |       |       ||    82
       Swamp dragon scal |       |       |     9 |   179 |     2 ||   190
Dodge: Dodged            |    60 |    58 |   179 |   381 |     7 ||   685
Block: Buckler           |     8 |    21 |   147 |   224 |     1 ||   401
       Reflection        |       |       |     6 |    13 |     1 ||    20

Table legend:
 A = Non-vault XP
 B = Vault XP
 C = Vault XP percentage of total XP
 D = Non-vault monster count
 E = Vault monster count
 F = Vault count percentage of total count
                 A         B        C        D         E       F
            +---------+---------+-------+---------+---------+-------
      Total |   30077 |   10074 |  25.1 |     292 |     101 |  25.7
            +---------+---------+-------+---------+---------+-------
        D:1 |      32 |       0 |   0.0 |      21 |       0 |   0.0
        D:2 |      15 |      62 |  80.5 |       8 |      26 |  76.5
        D:3 |      20 |     319 |  94.1 |       5 |      13 |  72.2
        D:4 |     867 |     169 |  16.3 |      22 |       1 |   4.3
        D:5 |     610 |     320 |  34.4 |      32 |       3 |   8.6
        D:6 |     884 |       0 |   0.0 |      13 |       0 |   0.0
        D:7 |     499 |     211 |  29.7 |       9 |       2 |  18.2
        D:8 |     615 |       0 |   0.0 |      16 |       0 |   0.0
        D:9 |    2072 |    5154 |  71.3 |      30 |      33 |  52.4
       D:10 |    2956 |    2711 |  47.8 |      34 |      14 |  29.2
       D:11 |    4840 |       0 |   0.0 |      29 |       0 |   0.0
       D:12 |    3422 |     800 |  18.9 |      26 |       1 |   3.7
       D:13 |    8449 |     145 |   1.7 |      28 |       1 |   3.4
       D:14 |    4796 |       0 |   0.0 |      19 |       0 |   0.0
      Sewer |       0 |     183 | 100.0 |       0 |       7 | 100.0
            +---------+---------+-------+---------+---------+-------
